 Dungeon Crawl Stone Soup version 0.25.1-2-g60ff931df9 (webtiles) character file.

Game seed: 5196407184024363270

12284 Erymatos the Severer (level 11, -2/101 HPs)
             Began as a Minotaur Berserker on Oct 31, 2020.
             Was a High Priest of Trog.
             Succumbed to a skeletal warrior's poison
             ... on level 13 of the Dungeon.
             The game lasted 00:23:13 (10664 turns).

Erymatos the Severer (Minotaur Berserker)          Turns: 10664, Time: 00:23:13

Health: -2/101     AC: 13    Str: 25    XL:     11   Next: 60%
Magic:  10/10      EV: 13    Int:  4    God:    Trog [*****.]
Gold:   631        SH:  4    Dex: 10    Spells: 10/10 levels left

rFire    . . .     SeeInvis .   w - +2 war axe (vamp)
rCold    + + .     Gourm    .   v - +0 buckler
rNeg     . . .     Faith    .   y - +1 ring mail {rC+}
rPois    .         Spirit   .   (helmet restricted)
rElec    .         Reflect  .   I - scarf {harm}
rCorr    .         Harm     +   f - +0 pair of gloves
MR       .....                  (no boots)
Stlth    ..........             (no amulet)
HPRegen  0.26/turn              u - +4 ring of protection
MPRegen  0.12/turn              z - ring of protection from cold

@: brilliant, lethally poisoned (-2 -> -17), berserk cooldown, slowed, heavily
drained, very slow
A: retaliatory headbutt, horns 2
a: Berserk, Trog's Hand, Brothers in Arms, Renounce Religion


You were on level 13 of the Dungeon.
You worshipped Trog.
Trog was extremely pleased with you.
You were hungry.

You visited 1 branch of the dungeon, and saw 11 of its levels.

You collected 685 gold pieces.
You spent 54 gold pieces at shops.

Inventory:

Hand Weapons
 w - a +2 vampiric war axe (weapon)
 E - a +3 broad axe
 F - a +3 battleaxe of flaming
Armour
 f - a +0 pair of gloves (worn)
 q - a +0 cloak
 v - a +0 buckler (worn)
 y - a +1 ring mail of cold resistance (worn)
 I - a scarf of harm (worn)
 L - a +0 plate armour
Jewellery
 m - an uncursed ring of flight
 r - an uncursed ring of see invisible
 u - a +4 ring of protection (left hand)
 z - a ring of protection from cold (right hand)
 M - an uncursed amulet of regeneration {unknown}
 N - an uncursed ring of positive energy {unknown}
Wands
 b - a wand of random effects (27)
 t - a wand of disintegration (15)
 H - a wand of clouds (4)
 K - a wand of enslavement (8)
Scrolls
 a - 5 scrolls of identify {unknown}
 e - a scroll of amnesia {unknown}
 g - 2 scrolls of fog {unknown}
 h - 6 scrolls of remove curse {unknown}
 k - a scroll of noise {unknown}
 l - 4 scrolls of magic mapping {unknown}
 n - a scroll of random uselessness {unknown}
 o - 2 scrolls of immolation {unknown}
 x - 2 scrolls of enchant armour {unknown}
 B - 2 scrolls of teleportation {unknown}
 O - a scroll of torment {unknown}
Potions
 d - a potion of flight {unknown}
 i - 2 potions of curing {unknown}
 j - a potion of haste {unknown}
 s - a potion of lignification {unknown}
 A - a potion of ambrosia {unknown}
 C - a potion of berserk rage {unknown}
 D - a potion of degeneration {unknown}
 G - 3 potions of cancellation {unknown}
Comestibles
 c - 18 rations


   Skills:
 + Level 10.4(9.0) Fighting
 + Level 15.1(13.5) Axes
 + Level 9.0(7.6) Armour
 + Level 7.8(6.5) Dodging
 + Level 4.3(3.1) Shields


You had 10 spell levels left.
You didn't know any spells.
Your spell library was empty.

Dungeon Overview and Level Annotations

Branches:
Dungeon (10/15)            Temple (0/1) D:5
   Lair: D:8-11         Orc: D:9-12

Altars:
Ashenzari
Cheibriados
Elyvilon
Okawaru
Qazlal
Trog
Xom
Zin
The Shining One

Shops:
D:4 [   D:5 *(


Innate Abilities, Weirdness & Mutations

You reflexively headbutt those who attack you in melee.
You have a pair of horns on your head.


Message History

The skeletal warrior closely misses you.
You furiously retaliate!
You headbutt the skeletal warrior!
You block the skeletal warrior's attack.
You slash the skeletal warrior!
The skeletal warrior is severely damaged.
You hit the skeletal warrior but do no damage. x2
You feel sick.
The skeletal warrior completely misses you.
You furiously retaliate!
You headbutt the skeletal warrior!
The skeletal warrior hits you but does no damage.
The skeletal warrior hits you with a +2 war axe of venom!!
* * * LOW HITPOINT WARNING * * *
You are more poisoned.
The skeletal warrior hits you with a +0 dire flail of draining!!
* * * LOW HITPOINT WARNING * * *
You feel drained.
* * * LOW HITPOINT WARNING * * *
It was a potion of brilliance.
You feel clever all of a sudden.
You die...

###### .....
#...# #...#
#.z.# #@z.#
#z..#####.
#..)...... #
#.........
#..####...#####.
..........# #.#
..........# #.#
########..# ..#
#..# ..#


You could see 3 skeletal warriors.

Vanquished Creatures
  A death knight (D:9)
  3 two-headed ogres
  2 skeletal warriors (D:13)
  An unseen horror (D:10)
  A cyclops (D:13)
  Psyche (D:10)
  A troll (D:10)
  A hornet (D:9)
  3 hippogriffs
  The ghost of chimenez the Sneak, an amateur OpEE (D:4)
  3 wyverns
  Grum (D:9)
  4 hungry ghosts
  2 black bears
  4 orc warriors
  2 sky beasts
  2 phantoms
  2 ice beasts
  3 wolves (D:9)
  3 ogres
  5 centaurs
  A big kobold (D:9)
  5 bullfrogs
  A water moccasin zombie (D:7)
  3 scorpions
  5 killer bees (D:9)
  3 wights (D:9)
  3 howler monkeys (D:9)
  2 electric eels (D:8)
  4 crimson imps
  A centaur zombie (D:8)
  2 quasits
  4 bullfrog zombies
  4 jellies
  2 bullfrog skeletons
  7 hounds
  Crazy Yiuf (D:4)
  12 orc priests
  6 iguanas
  12 orc wizards
  5 worker ants
  A hound zombie (D:10)
  2 hound skeletons
  A mummy (D:9)
  A howler monkey zombie (D:9)
  7 gnolls
  11 adders
  A shadow imp (D:5)
  2 oozes
  4 worms
  2 dart slugs
  5 leopard geckos
  48 orcs
  3 giant cockroaches
  2 goblins (D:2)
  11 hobgoblins
  5 jackals
  11 kobolds
  6 quokkas
  7 bats
  2 frilled lizards (D:2)
  A jackal skeleton (D:6)
  A leopard gecko skeleton (D:4)
  8 rats
271 creatures vanquished.

Notes
Turn   | Place    | Note
-------+----------+-------------------------------------------
     0 | D:1      | Erymatos the Minotaur Berserker began the quest for the
                  | Orb.
     0 | D:1      | Reached XP level 1. HP: 19/19 MP: 0/0
   221 | D:1      | Reached skill level 4 in Axes
   221 | D:1      | Reached XP level 2. HP: 23/27 MP: 1/1
   653 | D:1      | Reached XP level 3. HP: 8/34 MP: 2/2
  1390 | D:2      | Reached ** piety under Trog
  1476 | D:2      | Found a faded altar of an unknown god.
  1709 | D:2      | Reached XP level 4. HP: 41/41 MP: 3/3
  2482 | D:3      | Reached skill level 5 in Axes
  3246 | D:4      | Reached skill level 5 in Fighting
  3336 | D:4      | Reached XP level 5. HP: 21/48 MP: 4/4
  3532 | D:4      | Reached skill level 6 in Axes
  3627 | D:4      | Reached XP level 6. HP: 52/56 MP: 5/5
  3634 | D:4      | Reached *** piety under Trog
  3753 | D:4      | Found Zicadoub's Armour Shop.
  3784 | D:4      | Bought a +0 buckler for 54 gold pieces
  3850 | D:4      | Found a runed translucent door.
  3926 | D:4      | Found a runed translucent door.
  3927 | D:4      | Noticed Crazy Yiuf
  4035 | D:4      | Noticed chimenez's ghost (amateur OpEE)
  4280 | D:4      | Found a runed translucent door.
  4455 | D:4      | Killed chimenez's ghost
  4455 | D:4      | Reached skill level 7 in Axes
  4455 | D:4      | Reached XP level 7. HP: 54/63 MP: 6/6
  4571 | D:4      | Killed Crazy Yiuf
  4731 | D:5      | Entered Level 5 of the Dungeon
  4784 | D:5      | Found Cier's Weapon Boutique.
  5106 | D:5      | Found a stormy altar of Qazlal.
  5216 | D:5      | Found a staircase to the Ecumenical Temple.
  5394 | D:5      | Found Zin's Purification Station.
  5397 | D:5      | Found a glowing silver altar of Zin.
  5616 | D:6      | Reached skill level 8 in Axes
  5717 | D:6      | Found a bloodstained altar of Trog.
  5728 | D:6      | Reached XP level 8. HP: 13/71 MP: 7/7
  6057 | D:6      | Reached skill level 5 in Armour
  6270 | D:6      | Reached **** piety under Trog
  6339 | D:6      | Reached skill level 9 in Axes
  6340 | D:6      | Reached skill level 5 in Dodging
  6340 | D:6      | Reached skill level 1 in Shields
  6529 | D:6      | Found a white marble altar of Elyvilon.
  7055 | D:7      | Noticed a hippogriff
  7063 | D:7      | Killed a hippogriff
  7063 | D:7      | Reached skill level 10 in Axes
  7063 | D:7      | Reached XP level 9. HP: 75/79 MP: 8/8
  7118 | D:7      | Found a shimmering altar of Xom.
  7495 | D:8      | Found a glowing golden altar of the Shining One.
  8029 | D:8      | Found a shattered altar of Ashenzari.
  8104 | D:8      | Reached skill level 11 in Axes
  8570 | D:9      | Reached skill level 12 in Axes
  8585 | D:9      | Reached ***** piety under Trog
  8694 | D:9      | Reached XP level 10. HP: 88/88 MP: 9/9
  8817 | D:9      | Noticed a death knight
  8819 | D:9      | Noticed a two-headed ogre
  8846 | D:9      | Killed a death knight
  8850 | D:9      | Killed a two-headed ogre
  8850 | D:9      | Reached skill level 13 in Axes
  8851 | D:9      | Received a gift from Trog
  9132 | D:9      | Noticed a two-headed ogre
  9138 | D:9      | Killed a two-headed ogre
  9279 | D:9      | Reached skill level 14 in Axes
  9288 | D:9      | Paralysed by a hornet for 1 turns
  9292 | D:9      | Paralysed by a hornet for 2 turns
  9383 | D:9      | Found a snail-covered altar of Cheibriados.
  9399 | D:9      | Noticed Grum
  9413 | D:9      | Killed Grum
  9421 | D:9      | Reached XP level 11. HP: 80/97 MP: 10/10
  9823 | D:9      | Found an iron altar of Okawaru.
 10056 | D:10     | Entered Level 10 of the Dungeon
 10097 | D:10     | Noticed a two-headed ogre
 10102 | D:10     | Killed a two-headed ogre
 10231 | D:10     | Noticed Psyche
 10240 | D:10     | Killed Psyche
 10413 | D:10     | Killed an unseen horror
 10459 | D:10     | Reached skill level 10 in Fighting
 10561 | D:10     | You fall into a shaft and drop 3 floors!
 10636 | D:13     | Noticed a skeletal warrior
 10639 | D:13     | Noticed a skeletal warrior
 10640 | D:13     | Noticed a skeletal warrior
 10644 | D:13     | Noticed a skeletal warrior
 10646 | D:13     | Killed a skeletal warrior
 10646 | D:13     | Reached skill level 15 in Axes
 10647 | D:13     | Noticed a skeletal warrior
 10649 | D:13     | Killed a skeletal warrior
 10663 | D:13     | HP: 4/101 [skeletal warrior/+0 dire flail of draining[a
                  | skeletal warrior] (24)]
 10663 | D:13     | HP: 1/101 [skeletal warrior/+0 dire flail of draining[a
                  | skeletal warrior] (3)]
 10664 | D:13     | Succumbed to a skeletal warrior's poison

Illustrated notes

Levels and vault maps discovered:
D:1:      nicolae_arrival_washed_ashore, layout_basic
D:2:      layout_loops_ring, chequers_ecumenical_altar_simple, first_ration
D:3:      layout_basic
D:4:      layout_loops_ring, ebering_ghost_sewer_f, serial_shops, shop,
          kennysheep_generic_room_12, uniq_crazy_yiuf_cottage
D:5:      cheibrodos_iron_armory, layout_loops_corners, kennysheep_mini,
          zin_purify, minmay_temple_entry_slanted, serial_shops, shop
D:6:      layout_cave_pools, lemuel_coloured_pillars_altar, serial_column_ruins,
          column_ruins_hut_ruined, column_ruins_hut, column_ruins_grid_3,
          column_ruins_corridor_straight, column_ruins_open_tiny,
          column_ruins_corridor_corner, trog_butcher_becter
D:7:      layout_gridville, old_standard_altar
D:8:      layout_loops_ring, nicolae_ashenzari_panopticon, tso_metal_star,
          grunt_pizzeria, kennysheep_diamond
D:9:      layout_loops_cross, slow_altar_1, okawaru_ov_weapons_minmay,
          minmay_bent, uniq_grum
D:10:     layout_roguey, uniq_psyche
D:13:     layout_small_grid, david_vaults_2

Skill      XL: |  1  2  3  4  5  6  7  8  9 10 11 |
---------------+----------------------------------+-----
Axes           | 4 5 6 7 8 10 12 14 15 | 15.1
Fighting       | 4 5 6 7 8 9 10 | 10.4
Dodging        | 3 4 5 6 7 |  7.8
Armour         | 3 4 6 7 8 9 |  9.0
Shields        | 1 2 3 4 |  4.3

Action                   |  1- 3 |  4- 6 |  7- 9 | 10-12 || total
-------------------------+-------+-------+-------+-------++-------
Melee: Hand axe          |    78 |   102 |       |       ||   180
       Headbutt          |    10 |    14 |    49 |    58 ||   131
       War axe           |       |    28 |   263 |   275 ||   566
Invok: Berserk           |       |     2 |     4 |     2 ||     8
  Use: Potion            |       |       |       |     1 ||     1
 Stab: Sleeping          |       |     1 |       |       ||     1
  Eat: Chunk             |     2 |     9 |    16 |    11 ||    38
       Ration            |       |       |     1 |       ||     1
Armor: Animal skin       |    24 |     6 |       |       ||    30
       Leather armour    |       |    14 |       |       ||    14
       Ring mail         |       |    10 |   105 |    82 ||   197
Dodge: Dodged            |    59 |    56 |   127 |   146 ||   388
Block: Buckler           |       |     2 |    33 |    42 ||    77
